 Dungeon Crawl Stone Soup version 0.22.0 (webtiles) character file.

474 Gorglomux the Chopper (level 6, -19/56 HPs)
             Began as a Minotaur Gladiator on Aug 11, 2018.
             Demolished by an ogre
             ... wielding a +0 giant club
              (23 damage)
             ... on level 5 of the Dungeon.
             The game lasted 00:02:01 (3374 turns).

Gorglomux the Chopper (Minotaur Gladiator)          Turns: 3374, Time: 00:02:02

Health: -19/56     AC:  4    Str: 21    XL:     6   Next: 84%
Magic:  14/14      EV: 12    Int:  5    God:
Gold:   210        SH:  0    Dex: 11    Spells: 5/5 levels left

rFire    . . .     SeeInvis .   a - +0 war axe
rCold    . . .     Gourm    .   O - +0 buckler
rNeg     + . .     Faith    .   b - +0 leather armour
rPois    .         Spirit   .   c - +0 hat
rElec    .         Reflect  .   (no cloak)
rCorr    .         Harm     .   Q - +0 pair of gloves
MR       .....                  (no boots)
Stlth    +.........             P - amulet of rage
HPRegen  0.18/turn              I - ring of positive energy
MPRegen  0.14/turn              L - ring of magical power

@: confused
A: retaliatory headbutt, horns 2
a: Evoke Berserk Rage


You were on level 5 of the Dungeon.
You were not hungry.

You visited 1 branch of the dungeon, and saw 5 of its levels.

You collected 210 gold pieces.

Inventory:

Hand Weapons
 a - a +0 war axe (weapon)
Missiles
 Z - 3 throwing nets (quivered)
Armour
 b - a +0 leather armour (worn)
 c - a +0 hat (worn)
 O - a +0 buckler (worn)
 Q - a +0 pair of gloves (worn)
Jewellery
 I - a ring of positive energy (left hand)
 L - a ring of magical power (right hand)
 P - an amulet of rage (around neck)
Wands
 A - a wand of acid (9)
Scrolls
 K - a scroll of immolation {unknown}
 N - a scroll of blinking {unknown}
 R - 2 scrolls of identify
 S - 3 scrolls of amnesia {unknown}
 T - 2 scrolls of random uselessness {unknown}
 V - 4 scrolls of remove curse {unknown}
 Y - 5 scrolls of fear {unknown}
Potions
 U - 2 potions of flight
 W - 2 potions of agility
 X - a potion of ambrosia
Comestibles
 f - 6 rations


   Skills:
 + Level 5.1 Fighting
 + Level 5.9 Axes
 - Level 2.0 Throwing
 + Level 4.3 Armour
 - Level 3.2 Dodging
 + Level 2.9 Shields


You had 5 spell levels left.
You didn't know any spells.
Your spell library was empty.

Dungeon Overview and Level Annotations

Branches:
Dungeon (5/15)
 Temple: D:4-7

Altars:
Cheibriados
Dithmenos
Wu Jian


Innate Abilities, Weirdness & Mutations

You reflexively headbutt those who attack you in melee.
You have a pair of horns on your head.


Message History

The orc priest invokes the aid of Beogh against butt!
Beogh smites you!!! * * * don't butt
* * * Butt block the orc wizard's attack!
Okay, then!
The orc priest misses you!
The orc wizard gestures wildly while chanting!
The orc wizard seems to speed up!
The adder bites you but does no damage!
Items here: ( )) [ † a flail; 2 tomahawks; a dagger of draining; a robe; an orc corpse Unknown command!
The orc wizard casts a spell!
The orc wizard flickers and vanishes!!!
Deactivating autopickup; reactivate with Ctrl-A!
Unknown command!
You are confused!
You feel invigorated! The orc priest misses you!
The butt bites you! * * * don'butt die
* * * The ogre hits you with a giant club!!!!!! rip

#########
#........
#........
#........
#........
#<.......
##########...##...
.##.......##...##
.......@S>....).#
.......oO....[..#
........)(......#
.........#####..+
.........#([)#..#
.##..##h.#(??#..#
#.. #..#!!!#..#
.... ...#####.)..
.. .............


You could see an ogre, an orc priest, an adder and a jackal.

Vanquished Creatures
  A phantom (D:4)
  2 centaur skeletons
  An orc priest (D:4)
  An orc wizard (D:5)
  2 iguanas (D:4)
  A worker ant (D:4)
  6 adders
  3 gnolls (D:4)
  An ooze (D:4)
  3 worms
  4 dart slugs
  2 leopard geckos (D:2)
  9 orcs
  A ball python (D:3)
  3 giant cockroaches
  7 goblins
  5 hobgoblins
  2 jackals (D:3)
  10 kobolds
  2 quokkas
  11 bats
  8 frilled lizards
  8 rats
93 creatures vanquished.

Notes
Turn   | Place    | Note
-------+----------+-------------------------------------------
     0 | D:1      | Gorglomux the Minotaur Gladiator began the quest for the Orb.
     0 | D:1      | Reached XP level 1. HP: 18/18 MP: 0/0
   127 | D:1      | Reached skill level 1 in Armour
   127 | D:1      | Reached XP level 2. HP: 20/25 MP: 1/1
   294 | D:1      | Reached skill level 3 in Fighting
   719 | D:2      | Reached XP level 3. HP: 31/31 MP: 2/2
   834 | D:2      | Reached XP level 4. HP: 29/39 MP: 3/3
  1540 | D:3      | Reached skill level 3 in Armour
  1540 | D:3      | Reached XP level 5. HP: 25/46 MP: 4/4
  2154 | D:4      | Noticed a phantom
  2178 | D:4      | Killed a phantom
  2178 | D:4      | Reached skill level 1 in Shields
  2258 | D:4      | Reached XP level 6. HP: 28/53 MP: 5/5
  2424 | D:4      | Found a snail-covered altar of Cheibriados.
  2445 | D:4      | Found a shadowy altar of Dithmenos.
  2982 | D:4      | Found an ornate altar of the Wu Jian Council.
  3360 | D:5      | Entered Level 5 of the Dungeon
  3371 | D:5      | HP: 2/56 [orc priest/divine providence (12)]
  3374 | D:5      | Demolished by an ogre

Skill      XL: |  1  2  3  4  5  6 |
---------------+-------------------+-----
Armour         | 1 2 3 4 |  4.3
Axes           | 4 5 |  5.9
Fighting       | 3 4 5 |  5.1
Shields        | 1 2 |  2.9
Throwing       | |  2.0
Dodging        | |  3.2

Action                   |  1- 3 |  4- 6 || total
-------------------------+-------+-------++-------
Melee: War axe           |    63 |   132 ||   195
       Headbutt          |     4 |    31 ||    35
  Use: Scroll            |       |     4 ||     4
       Potion            |       |     2 ||     2
  Eat: Chunk             |       |     8 ||     8
Armor: Leather armour    |    15 |    29 ||    44
Dodge: Dodged            |    52 |    87 ||   139
Block: Buckler           |       |    14 ||    14
